cohdb
Replays
Latest Replays
All Replays
Popular Replays
Top Player Replays
Match Explorer
How It Works
Community
CoH3 Stats
Reddit
Sign in to upload your games and track your stats! →
Sign in with Steam
Match 43255420
Unlisted
Match 43255420
Overview
Messages
Build Orders
End
Construct Section Command Post
Infantry Section
Infantry Section
ML 3-inch Mortar Team
ML 3-inch Mortar Team
Construct Platoon Command Post
Infantry Section
Selects Canadian Shock Battlegroup
Selects Offensive Resupply
Selects Canadian Shock Section
Selects Incendiary Munitions
CMP 15cwt Truck
Light Vehicle Training
Canadian Shock Section
Canadian Shock Section
Infantry Training
Selects Pyrotechnics
Construct Company Command Post
Seiun Sky
米浴
JT
CppMonster
湾仔领导
Eplestilk
Revolution
Mattfield27
0
0
Comments
sign in to comment!
No comments posted yet!